 Dungeon Crawl Stone Soup version 0.31.0-32-g396128a36d (webtiles) character file.

Game seed: 3463604336946318490

2070 Buffagor the Martial Artist (level 9, -7/59 HPs)
             Began as a Merfolk Shapeshifter on Mar 12, 2024.
             Was a Follower of Hepliaklqana.
             Killed by divine providence
             ... invoked by an orc priest
              (14 damage)
             ... on level 7 of the Dungeon.
             The game lasted 00:16:58 (5666 turns).

Buffagor the Martial Artist (Merfolk Shapeshifter)  Turns: 5666, Time: 00:16:59

Health: -7/59      AC:  6    Str: 21    XL:     9   Next: 26%
Magic:  9/9        EV: 18    Int:  9    God:    Hepliaklqana [*.....]
Gold:   271        SH:  0    Dex: 17    Spells: 8/8 levels left

rFire   . .          .
                       - Unarmed
rCold   . . .        (shield currently unavailable)
rNeg    . . .        a - melded +0 animal skin
rPois   .            (no helmet)
rElec   .            q - +0 cloak
rCorr   .            (no gloves)
SInv    .            v - +0 pair of boots
Will    .....        (no amulet)
Stlth   +            p - +6 ring of strength
HPRegen 0.29/turn    g - +4 ring of protection
MPRegen 0.11/turn

%: no passive effects
@: flux-form, glowing
A: glow, contaminating, reduced essence, (nimble swimmer 2), mertail
a: Begin Untransformation, Renounce Religion, Recall Ancestor, Ancestor Identity


You were on level 7 of the Dungeon.
You worshipped Hepliaklqana.
Hepliaklqana was aware of your devotion.
You were something dangerously unstable.
You visited 2 branches of the dungeon, and saw 8 of its levels.

You collected 271 gold pieces.

Inventory:

Hand Weapons
 b - a +0 sling
Armour
 a - a +0 animal skin (melded)
 q - a +0 cloak (worn)
 v - a +0 pair of boots (worn)
Jewellery
 g - a +4 ring of protection (right hand)
 k - a ring of ice
 p - a +6 ring of strength (left hand)
 s - an amulet of magic regeneration
Talismans
 c - a beast talisman
 d - a flux talisman (active)
 i - a maw talisman
Wands
 C - a wand of paralysis (9)
Scrolls
 f - 5 scrolls of teleportation {unknown}
 j - 6 scrolls of identify {unknown}
 l - a scroll of enchant weapon {unknown}
 n - a scroll of poison {unknown}
 o - a scroll of noise {unknown}
 x - a scroll of fear {unknown}
 y - a scroll of revelation {unknown}
 B - a scroll of amnesia {unknown}
Potions
 e - a potion of curing
 h - 2 potions of berserk rage {unknown}
 m - a potion of enlightenment {unknown}
 r - a potion of haste {unknown}
 t - a potion of brilliance {unknown}
 u - a potion of ambrosia {unknown}
 w - 2 potions of mutation {unknown}
 z - a potion of heal wounds {unknown}
 A - 2 potions of attraction {unknown}


   Skills:
 + Level 4.4 Fighting
 + Level 2.9 Armour
 + Level 4.4 Dodging
 + Level 9.2 Unarmed Combat
 + Level 8.6 Shapeshifting


You had 8 spell levels left.
You didn't know any spells.
Your spell library contained the following spells:

 Spells                   Type           Power      Damage    Failure   Level
 Summon Small Mammal      Summ           0%         N/A       38%         1
 Blink                    Tloc           0%         N/A       52%         2
 Lesser Beckoning         Tloc           0%         N/A       52%         2
 Momentum Strike          Conj/Tloc      0%         3d8       52%         2
 Call Canine Familiar     Summ           0%         N/A       77%         3
 Inner Flame              Hex/Fire       0%         N/A       77%         3
 Flame Wave               Conj/Fire      0%         2d4       99%         4
 Sticky Flame             Fire/Alch      0%         2d4       99%         4
 Summon Blazeheart Golem  Fire/Summ      0%         N/A       99%         4


Dungeon Overview and Level Annotations

Branches:
Dungeon (7/15)             Temple (1/1) D:5

Altars:
Ashenzari
Cheibriados
Dithmenos
Elyvilon
Fedhas
Gozag
Hepliaklqana
Kikubaaqudgha
Makhleb
Nemelex Xobeh
Okawaru
Qazlal
Ru
Sif Muna
Uskayaw
Vehumet
Wu Jian
Xom
Yredelemnul
Zin
The Shining One

Shops:
D:2 [

Annotations:
D:7 1 runed translucent door, Consumeair16's ghost, novice FeSh


Innate Abilities, Weirdness & Mutations

You are something dangerously unstable.
You glow with magical radiation, making you easy to see and hit.
Foes you strike become dangerously contaminated with magical radiation.
You are incapable of wielding weapons or throwing items.
Your life essence is reduced to manifest your ancestor. (-10% HP)
((You are very nimble when in or above water. (Stealth+, EV+, Speed+++)))
Your lower body shifts to a powerful aquatic tail in water.


Message History

The orc priest misses you. The orc wizard closely misses you.
Unknown command.
You swap places.
You hear some strange, mumbled words.
A puff of flame appears from out of thin air!
The puff of flame hits Marzanna.
Marzanna resists.
The orc priest hits Marzanna with a +0 dagger.
The orc wizard hits Marzanna with a +0 dagger.
Marzanna hits the orc wizard.
A magic dart appears from out of thin air!
The magic dart hits Marzanna!
The orc priest closely misses Marzanna.
The orc wizard hits Marzanna but does no damage.
Marzanna closely misses the orc wizard.
Something hits Marzanna but does no damage.
The orc priest barely misses Marzanna.
The orc wizard barely misses Marzanna.
Marzanna hits the orc wizard but does no damage.
You hear some strange, mumbled words.
A puff of flame appears from out of thin air!
The puff of flame hits Marzanna.
Marzanna resists.
The orc priest hits Marzanna with a +0 dagger.
The orc wizard hits Marzanna with a +0 dagger.
Marzanna hits the orc priest but does no damage.
Something hits Marzanna.
The orc priest hits Marzanna with a +0 dagger.
The orc wizard hits Marzanna with a +0 dagger.
Marzanna hits the orc priest but does no damage.
Something hits Marzanna.
The orc priest hits Marzanna with a +0 dagger.
The orc wizard hits Marzanna with a +0 dagger.
Marzanna is destroyed!
You hear some strange, mumbled words.
Something tries to affect you, but you resist.
The orc priest mumbles some strange prayers to Beogh against you.
Beogh smites you!
* * * LOW HITPOINT WARNING * * *
The orc priest mumbles some strange prayers to Beogh against you.
Beogh smites you!
You die...

#.....^......## #....#
#.............#####....##
#########.##.............
##### #.####.....))....
.....# #.# #######......
......# #.###.....))...##
....... #.##........#.#..
......o######.#.............#
...$..{o..o.p.#...........###
.......#####..#...........##.
....... #.............#...
......# ####.#...............
.....# #......#.............
#...# #......#........###..
#... #................##..
#.. #####........[.......###†
.........)...........# ##


You could see an orc priest, an orc wizard and an orc.

Vanquished Creatures
  The ghost of seawaffle the Covered, an amateur GrFi (D:4)
  An orc warrior (D:4)
  2 ice beasts (D:7)
  An ogre (D:7)
  A centaur (D:7)
  4 phantoms
  3 bullfrogs (D:7)
  A scorpion (D:4)
  5 killer bees (D:7)
  A howler monkey (D:6)
  A bombardier beetle (D:6)
  An orc priest (D:5)
  A hound (D:5)
  2 jellies
  3 sleepcaps
  2 iguanas
  4 orc wizards
  7 adders
  2 dart slugs (D:5)
  2 ribbon worms
  19 orcs
  6 ball pythons
  3 bats
  8 endoplasms
  6 giant cockroaches
  3 goblins
  9 hobgoblins
  4 kobolds
  4 quokkas
  4 frilled lizards
  5 rats
116 creatures vanquished.

Vanquished Creatures (collateral kills)
  A scorpion (D:6)
  An iguana (D:6)
  An orc wizard (D:7)
  3 orcs
6 creatures vanquished.

Vanquished Creatures (others)
  3 ancestors (D:7)
3 creatures vanquished.

Grand Total: 125 creatures vanquished

Notes
Turn   | Place    | Note
-------+----------+-------------------------------------------
     0 | D:1      | Buffagor the Merfolk Shapeshifter began the quest for the
                  | Orb.
     0 | D:1      | Reached XP level 1. HP: 15/15 MP: 1/1
    60 | D:1      | Reached XP level 2. HP: 20/21 MP: 2/2
   129 | D:1      | Found a faded altar of an unknown god.
   941 | D:1      | You fall into a shaft and drop 1 floor!
   971 | D:2      | Reached XP level 3. HP: 26/26 MP: 3/3
  1019 | D:2      | Reached skill level 5 in Shapeshifting
  1482 | D:2      | Found Dumiacech's Antique Armour Shoppe.
  1530 | D:2      | Reached skill level 4 in Unarmed Combat
  1626 | D:2      | Reached XP level 4. HP: 32/32 MP: 4/4
  2039 | D:3      | Found a sacrificial altar of Ru.
  2855 | D:4      | Reached XP level 5. HP: 34/37 MP: 5/5
  3209 | D:4      | Found a large runed translucent door.
  3209 | D:4      | Found a large runed translucent door.
  3213 | D:4      | Noticed seawaffle's ghost (amateur GrFi)
  3308 | D:4      | Killed seawaffle's ghost
  3309 | D:4      | Reached skill level 6 in Unarmed Combat
  3309 | D:4      | Reached XP level 6. HP: 29/43 MP: 6/6
  3433 | D:5      | Entered Level 5 of the Dungeon
  3434 | D:5      | Found a staircase to the Ecumenical Temple.
  3508 | Temple   | Entered the Ecumenical Temple
  3527 | Temple   | Became a worshipper of Hepliaklqana the Forgotten
  3560 | D:5      | Reached XP level 7. HP: 48/48 MP: 7/7
  3678 | D:5      | Reached skill level 7 in Unarmed Combat
  3850 | D:5      | Reached skill level 8 in Unarmed Combat
  4208 | D:6      | Reached * piety under Hepliaklqana
  4235 | D:6      | Reached XP level 8. HP: 15/50 MP: 8/8
  4319 | D:6      | Reached skill level 1 in Armour
  5076 | D:7      | Reached XP level 9. HP: 39/58 MP: 9/9
  5145 | D:7      | Found a runed translucent door.
  5145 | D:7      | Noticed Consumeair16's ghost (novice FeSh)
  5164 | D:7      | Reached skill level 9 in Unarmed Combat
  5666 | D:7      | Killed from afar by an orc priest

Illustrated notes

Levels and vault maps discovered:
D:1:      nzn_arrival_depleted_hourglass, layout_basic,
          ebering_ecumenical_altar_rust
D:2:      layout_basic, serial_shops,
          nicolae_shop_temple_entry_statues_fountains
D:3:      layout_loops_ring, nicolae_ru_the_path_less_chosen
D:4:      layout_basic, ebering_ghost_disaster_area
D:5:      layout_cave_pools, minmay_temple_entry_drinking_statues
D:6:      layout_cave_pools
D:7:      layout_rooms, hellmonk_ghost_happy_afterlife
Temple:   nicolae_temple_bog_church

Skill      XL: |  1  2  3  4  5  6  7  8  9 |
---------------+----------------------------+-----
Shapeshifting  | 5 6 7 8 |  8.6
Unarmed Combat | 4 6 8 9 |  9.2
Fighting       | 3 4 |  4.4
Armour         | 2 |  2.9
Dodging        | 3 4 |  4.4

Action                     |  1- 3 |  4- 6 |  7- 9 || total
---------------------------+-------+-------+-------++-------
  Melee: Unarmed           |    57 |    81 |   187 ||   325
         Punch             |     2 |     2 |       ||     4
   Fire: Sling             |    49 |    41 |       ||    90
    Use: Potion            |       |     2 |     2 ||     4
   Stab: Sleeping          |       |     1 |       ||     1
 Armour: Animal skin       |    22 |    24 |       ||    46
         Skin              |       |    15 |   102 ||   117
  Dodge: Dodged            |    41 |    37 |   144 ||   222
   Form: Flux              |       |     1 |       ||     1
